 Dungeon Crawl Stone Soup version 0.29-a0-330-g52719c12eb (webtiles) character file.

Game seed: 11831964248687048277

53 kae the Magician (level 3, -1/19 HPs)
             Began as a Deep Elf Fire Elementalist on May 1, 2022.
             Slain by Sigmund
             ... wielding a +1 vorpal scythe
              (2 damage)
             ... on level 2 of the Dungeon.
             The game lasted 00:00:49 (2679 turns).

kae the Magician (Deep Elf Fire Elementalist)       Turns: 2679, Time: 00:00:49

Health: -1/19      AC:  3    Str:  5    XL:     3   Next: 62%
Magic:  6/10       EV: 12    Int: 21    God:
Gold:   92         SH:  0    Dex: 15    Spells: 7/10 levels left

rFire   . . .      SeeInvis .   (no weapon)
rCold   . . .      Faith    .   (no shield)
rNeg    . . .      Spirit   .   a - +1 robe
rPois   .          Reflect  .   (no helmet)
rElec   .          Harm     .   (no cloak)
rCorr   .          Rampage  .   (no gloves)
Will    .....                   (no boots)
Stlth   ++........              (no amulet)
HPRegen 0.06/turn               (no ring)
MPRegen 0.12/turn               (no ring)

@: no status effects
A: no striking features
a: no special abilities


You were on level 2 of the Dungeon.
You visited 1 branch of the dungeon, and saw 2 of its levels.

You collected 92 gold pieces.

Inventory:

Armour
 a - a +1 robe (worn)
Scrolls
 c - a scroll of fog {unknown}
 d - a scroll of amnesia
 f - a scroll of vulnerability {unknown}
 g - 3 scrolls of magic mapping {unknown}
Potions
 b - a potion of magic
 e - a potion of haste {unknown}


   Skills:
 - Level 2.4 Dodging
 - Level 2.4 Stealth
 + Level 4.0 Spellcasting
 + Level 2.3 Conjurations
 + Level 4.0 Fire Magic


You had 7 spell levels left.
You knew the following spells:

 Your Spells              Type           Power      Damage    Failure   Level
a - Foxfire               Conj/Fire      68%        2x1d7     3%          1
b - Scorch                Fire           42%        2d7       3%          2

Your spell library contained the following spells:

 Spells                   Type           Power      Damage    Failure   Level
 Conjure Flame            Conj/Fire      17%        6-21      10%         3
 Inner Flame              Hex/Fire       12%        N/A       16%         3
 Dazzling Flash           Conj/Hex       18%        N/A       22%         3
 Flame Wave               Conj/Fire      17%        2d6       32%         4
 Agony                    Necr           4%         N/A       97%         5
 Silence                  Hex/Air        2%         N/A       97%         5


Dungeon Overview and Level Annotations

Branches:
Dungeon (2/15)

Altars:
Sif Muna

Shops:
D:1 (

Annotations:
D:2 Sigmund


Message History

Sigmund the Dreaded comes into view.
He is wielding a +1 vorpal scythe and carrying a wand of polymorph (7).
Sigmund shouts!
Sigmund zaps a wand.
You resist with some effort.
Sigmund is nearby!
Casting: Foxfire (safe; 3% risk of failure)
Confirm with . or Enter, or press ? or * to list all spells.
You conjure some foxfire!
Sigmund says, "Don't worry, I'll kill you fast."
The foxfire hits Sigmund.
Sigmund is lightly wounded.
Sigmund zaps a wand.
You resist with some effort.
Sigmund is nearby!
Unknown command.
Unknown command.
Your foxfire dissipates!
Casting: Foxfire (safe; 3% risk of failure)
Confirm with . or Enter, or press ? or * to list all spells.
You conjure some foxfire!
The foxfire hits Sigmund.
Sigmund is moderately wounded.
Casting: Foxfire (safe; 3% risk of failure)
Confirm with . or Enter, or press ? or * to list all spells.
You conjure some foxfire!
The foxfire hits Sigmund.
Sigmund is heavily wounded.
The foxfire hits Sigmund.
Sigmund is heavily wounded.
Sigmund gestures wildly while chanting.
Sigmund flickers and vanishes!
Deactivating autopickup; reactivate with Ctrl-A.
Your foxfire dissipates!
Casting: Foxfire (safe; 3% risk of failure)
Confirm with . or Enter, or press ? or * to list all spells.
You conjure some foxfire!
The foxfire hits something. x2; Something hits you!
Casting: Foxfire (safe; 3% risk of failure)
Confirm with . or Enter, or press ? or * to list all spells.
You conjure some foxfire!
Something hits you.
* * * LOW HITPOINT WARNING * * *
You die...

# ##........#
##.⌠≈P≈≈⌠≈.#### #
#.#...#### #.........##..
#.##### ##.##..#####.# #+#
#..#.## #.# # ...
######....## #.# # ....
#..........# #.# # .....
#.#.#......# ##.. ####
......###v......_..####.#.
...+
......'{.@.............###
####
......###v.........##.## #
# ....§ #.#.#.##.#####.###
# .... #.###.##.# ###.#. #
... #........# #..... #+#
#####.#### #.##.# #.# #.#
#.##.. #####.# #.# #.##..
##...#.## #.# #.##..


There were no monsters in sight!

Vanquished Creatures
  An adder (D:2)
  A worm (D:2)
  2 dart slugs
  An endoplasm (D:1)
  2 giant cockroaches
  4 goblins
  7 hobgoblins
  A kobold (D:1)
  5 ball pythons
  5 bats
  2 frilled lizards
  3 rats
34 creatures vanquished.

Vanquished Creatures (collateral kills)
  A foxfire (D:2)
1 creature vanquished.

Vanquished Creatures (others)
  155 foxfires
  2 fungi (D:2)
  2 plants (D:2)
159 creatures vanquished.

Grand Total: 194 creatures vanquished

Notes
Turn   | Place    | Note
-------+----------+-------------------------------------------
     0 | D:1      | kae the Deep Elf Fire Elementalist began the quest for the
                  | Orb.
     0 | D:1      | Reached XP level 1. HP: 10/10 MP: 6/6
   360 | D:1      | Reached XP level 2. HP: 15/15 MP: 2/8
   758 | D:1      | Found Cukilaol's Weapon Emporium.
  1612 | D:2      | Learned a level 2 spell: Scorch
  1777 | D:2      | Reached XP level 3. HP: 19/19 MP: 5/10
  2249 | D:2      | Found a faded altar of an unknown god.
  2436 | D:2      | Found a shimmering blue altar of Sif Muna.
  2668 | D:2      | Noticed Sigmund
  2679 | D:2      | Slain by Sigmund

Illustrated notes

Levels and vault maps discovered:
D:1:      psy_arrival_basics, layout_loops_cross, serial_shops,
          nicolae_shop_advertising_works [nicolae_subvault_shop_adworks],
          nicolae_concentric_dashed_squares_mild
D:2:      layout_loops_corners, basic_altar,
          shapermc_ecumenical_altar_acropolis, minmay_statues_item,
          nicolae_figureground_sparkle, uniq_sigmund

Skill      XL: |  1  2  3 |
---------------+----------+-----
Conjurations   | 2 |  2.3
Spellcasting   | 4 |  4.0
Fire Magic     | 4 |  4.0
Dodging        | |  2.4
Stealth        | |  2.4

Action                   || total
-------------------------++-------
Melee: Unarmed           ||     1
 Cast: Foxfire           ||   103
       Scorch            ||     2
  Use: Scroll            ||     4
Armor: Robe              ||     4
Dodge: Dodged            ||    15

Table legend: (Time is in decaauts)
 A = Elapsed time spent in this place.
 B = Non-inter-level travel time spent in this place.
 C = Inter-level travel time spent in this place.
 D = Time resting spent in this place.
 E = Time spent auto-exploring this place.
 F = Levels seen in this place.
 G = Mean time per level.
                   A        B        C        D        E       F      G
               +--------+--------+--------+--------+--------+-----+--------+
         Total |   2679 |   2645 |     34 |      2 |   2341 |   2 | 1339.5 |
       Dungeon |   2679 |   2645 |     34 |      2 |   2341 |   2 | 1339.5 |
               +--------+--------+--------+--------+--------+-----+--------+

Top non-repeatable levels by time:
     D:1: 1424 daAuts
     D:2: 1255 daAuts
